 Dungeon Crawl Stone Soup version 0.20.1-1-g8b1a95d (webtiles) character file.

315 vatarom the Shield-Bearer (level 6, 0/47 HPs)
             Began as a Formicid Fighter on Sept 10, 2017.
             Slain by Grinder (5 damage)
             ... on level 3 of the Dungeon.
             The game lasted 00:04:35 (2301 turns).

vatarom the Shield-Bearer (Formicid Fighter)        Turns: 2301, Time: 00:04:35

Health: 0/47       AC:  7    Str: 20    XL:     6   Next: 72%
Magic:  6/6        EV:  8    Int:  9    God:
Gold:   194        SH: 11    Dex: 11    Spells: 5/5 levels left

rFire    . . .     SeeInvis +   a - +0 war axe
rCold    . . .     Gourm    .   c - +1 shield
rNeg     . . .     Faith    .   b - +0 scale mail
rPois    .         Spirit   .   (helmet unavailable)
rElec    .         Reflect  .   (no cloak)
rCorr    .         Harm     .   (no gloves)
MR       .....                  (no boots)
Stlth    ..........             (no amulet)
Regen    0.2/turn               (no ring)
MPRegen  0.1/turn               (no ring)

@: no status effects
A: permanent stasis, dig shafts and tunnels, four strong arms, antennae 3
a: Dig, Shaft Self


You were on level 3 of the Dungeon.
You were not hungry.

You visited 1 branch of the dungeon, and saw 3 of its levels.

You collected 194 gold pieces.

Inventory:

Hand Weapons
 a - a +0 war axe (weapon)
Armour
 b - a +0 scale mail (worn)
 c - a +1 shield (worn)
Wands
 g - a wand of paralysis (6/24)
Scrolls
 h - a scroll of identify
 k - a scroll of remove curse
Potions
 i - a potion of berserk rage
Comestibles
 d - a royal jelly
 f - 2 bread rations


   Skills:
 - Level 3.2 Fighting
 + Level 4.2 Axes
 * Level 4.6 Armour
 - Level 6.1 Shields


You had 5 spell levels left.
You didn't know any spells.

Dungeon Overview and Level Annotations

Branches:
Dungeon (3/15)

Altars:

Annotations:
D:3 Grinder


Innate Abilities, Weirdness & Mutations

You cannot be hasted, slowed, berserked, paralysed or teleported.
You can dig through walls and to a lower floor.
Your four strong arms can wield two-handed weapons with a shield.
You have a pair of large antennae on your head. (SInv)


Message History

You feel better. Grinder hits you.
You writhe in agony.
* * * LOW HITPOINT WARNING * * *
You slash Grinder!
Grinder is severely wounded.
Grinder hits you but does no damage.
You hit Grinder.
Grinder is severely wounded.
Grinder hits you but does no damage.
You barely miss Grinder.
Grinder is severely wounded.
Grinder hits you.
* * * LOW HITPOINT WARNING * * *
You writhe in agony.
* * * LOW HITPOINT WARNING * * *
You block Grinder's attack.
Okay, then.
You hit Grinder.
Grinder is severely wounded.
Grinder hits you.
You die...

#.# ###.####
#......# #.#.##.#
#.#.# .# #...# .#
#.### .# #.####.#
#########
#......#
#...%@5.#
#.###.##
#.#####.#
#.###.######)####
#
..#........?.>..#
#.#.#.######.##.#
#.#.#.# #... ..
#.....# ####.....
###.### ###. #.


You could see Grinder.

Vanquished Creatures
  The ghost of ThereIsNoGod the Digger, an amateur DrEE (D:3)
  Natasha (thrice) (D:2)
  5 adders
  2 oozes
  A worm (D:2)
  A dart slug (D:2)
  3 leopard geckos
  4 giant cockroaches
  5 goblins
  9 hobgoblins
  3 jackals (D:1)
  7 bats
  4 frilled lizards
  5 kobolds
  7 rats
  A bush (D:2)
61 creatures vanquished.

Notes
Turn   | Place    | Note
-------+----------+-------------------------------------------
     0 | D:1      | vatarom the Formicid Fighter began the quest for the Orb.
     0 | D:1      | Reached XP level 1. HP: 18/18 MP: 1/1
    49 | D:1      | Reached XP level 2. HP: 19/24 MP: 2/2
    51 | D:1      | Reached skill level 4 in Shields
   197 | D:1      | Reached XP level 3. HP: 28/29 MP: 3/3
   765 | D:2      | Noticed Natasha
   774 | D:2      | Killed Natasha
   774 | D:2      | Reached skill level 5 in Shields
   774 | D:2      | Reached XP level 4. HP: 21/35 MP: 4/4
  1112 | D:2      | Reached XP level 5. HP: 39/41 MP: 5/5
  1138 | D:2      | Noticed Natasha
  1146 | D:2      | Killed Natasha
  1739 | D:2      | Noticed Natasha
  1744 | D:2      | Killed Natasha
  1744 | D:2      | Reached skill level 6 in Shields
  1868 | D:3      | Noticed ThereIsNoGod's ghost (amateur DrEE)
  1888 | D:3      | Killed ThereIsNoGod's ghost
  1888 | D:3      | Reached XP level 6. HP: 16/47 MP: 6/6
  2290 | D:3      | Noticed Grinder
  2301 | D:3      | Slain by Grinder

Skill      XL: |  1  2  3  4  5 |
---------------+----------------+-----
Shields        | 4 5 6 |  6.1
Axes           | 3 4 |  4.2
Armour         | 4 |  4.6
Fighting       | |  3.2

Action                   |  1- 3 |  4- 6 || total
-------------------------+-------+-------++-------
Melee: War axe           |    87 |   158 ||   245
 Abil: Dig               |     1 |     2 ||     3
  Use: Scroll            |     3 |     4 ||     7
       Potion            |       |     4 ||     4
  Eat: Meat ration       |       |     1 ||     1
Armor: Scale mail        |    26 |    28 ||    54
Dodge: Dodged            |    32 |    37 ||    69
Block: Shield            |    47 |    65 ||   112
